Kradschützen Motorcycle Team
Construct Light Support Kompanie
Construct Mechanized Kompanie
254 Reconnaissance Tractor
Panzerjäger Mechanized Group
Selects Armored Support Battlegroup
Selects Superior Fire Drills
Construct Panzerarmee Kommand
254 Reconnaissance Tractor
Walking Stuka Rocket Launcher
Panzerjäger Mechanized Group
Flak 36 Anti-tank Gun Team
Selects Flammpanzer III Medium Tank
Selects Battlefield Salvage
Flak 36 Anti-tank Gun Team